 Dungeon Crawl Stone Soup version 0.29.1-1-gd02db6906a (webtiles) character file.

Game seed: 5811278257710442251

110 karrick the Covered (level 4, -1/29 HPs)
             Began as a Gargoyle Fighter on Sept 28, 2022.
             Slain by Crazy Yiuf
             ... wielding a +2 quarterstaff of chaos
              (7 damage)
             ... on level 2 of the Dungeon.
             The game lasted 00:02:08 (2604 turns).

karrick the Covered (Gargoyle Fighter)              Turns: 2604, Time: 00:02:09

Health: -1/29      AC: 10    Str: 20    XL:     4   Next: 91%
Magic:  3/4        EV:  6    Int:  8    God:
Gold:   89         SH:  4    Dex: 11    Spells: 3/3 levels left

rFire   . . .      SeeInvis .   a - +0 flail
rCold   . . .      Faith    .   c - +0 buckler
rNeg    + . .      Spirit   .   b - +0 scale mail
rPois   ∞          Reflect  .   (no helmet)
rElec   +          Harm     .   (no cloak)
rCorr   .          Rampage  .   (no gloves)
Will    .....                   (no boots)
Stlth   ..........              (no amulet)
HPRegen 0.09/turn               (no ring)
MPRegen 0.09/turn               (no ring)

@: grasped by roots, constricted
A: sickness immunity, AC +3, negative energy resistance 1, electricity
resistance, torment resistance 1, petrification resistance
a: no special abilities


You were on level 2 of the Dungeon.
You visited 1 branch of the dungeon, and saw 2 of its levels.

You collected 89 gold pieces.

Inventory:

Hand Weapons
 a - a +0 flail (weapon)
Armour
 b - a +0 scale mail (worn)
 c - a +0 buckler (worn)
Jewellery
 j - a ring of wizardry
 s - a +6 ring of intelligence
Scrolls
 e - a scroll of torment {unknown}
 k - 3 scrolls of identify {unknown}
 n - a scroll of butterflies {unknown}
 p - a scroll of amnesia {unknown}
 q - 3 scrolls of blinking {unknown}
 t - a scroll of noise {unknown}
Potions
 d - 2 potions of might
 f - a potion of mutation {unknown}
 g - 2 potions of heal wounds {unknown}
 h - a potion of ambrosia {unknown}
 i - a potion of berserk rage {unknown}
 l - 2 potions of haste {unknown}
 m - a potion of flight {unknown}
 o - a potion of resistance {unknown}
 r - a potion of curing {unknown}


   Skills:
 + Level 3.9 Fighting
 + Level 3.4 Maces & Flails
 + Level 4.0 Armour
 + Level 3.9 Shields


You had 3 spell levels left.
You didn't know any spells.
Your spell library was empty.

Dungeon Overview and Level Annotations

Branches:
Dungeon (2/15)

Altars:

Annotations:
D:2 Crazy Yiuf


Innate Abilities, Weirdness & Mutations

You are immune to sickness and miasma.
Your stone body is resilient. (AC +3)
You are immune to poison.
You resist negative energy. (rN+)
You are resistant to electric shocks. (rElec)
You are resistant to unholy torment.
You are immune to petrification.


Message History

You hit the hobgoblin.
You kill the hobgoblin!
No target in view!
No target in view!
No target in view!
No target in view!
You see here a hobgoblin corpse.
You enter the shallow water.
Moving in this stuff is going to be slow.
There is an escape hatch in the floor here.
There is an open door here.
Crazy Yiuf shouts!
Could not explore, unopened runed door.
You open the door.
Crazy Yiuf says, "Whiteboard return to song eyeball!"
Crazy Yiuf says, "Mountain!
Shadow sizzlefizz sallow."
You barely miss Crazy Yiuf.
Crazy Yiuf hits you with a +2 quarterstaff of chaos.
Crazy Yiuf burns you.
You hit Crazy Yiuf.
Crazy Yiuf is moderately wounded.
Crazy Yiuf hits you but does no damage.
Crazy Yiuf hits you with a +2 quarterstaff of chaos.
You feel your power leaking away.
You thump Crazy Yiuf!
Crazy Yiuf is severely wounded.
Crazy Yiuf laughs, "Fire arm foot!"
Crazy Yiuf hits you with a +2 quarterstaff of chaos.
You hit Crazy Yiuf.
Crazy Yiuf is almost dead.
Crazy Yiuf hits you with a +2 quarterstaff of chaos.
Crazy Yiuf freezes you.
You closely miss Crazy Yiuf.
Crazy Yiuf is almost dead.
Crazy Yiuf zaps a wand.
The roots erupt in riotous growth!
The grasping roots grab you!
Crazy Yiuf is unaffected.
The grasping roots constrict you.
* * * LOW HITPOINT WARNING * * *
Crazy Yiuf hits you with a +2 quarterstaff of chaos!
You die...

### ###### #)..###
##..#.## #...g@####......#
#...##..#.P.....# ###
###.#...##.# ########.#
#..# ##################.##
#..................#######
#........................#
#........#'#######........


You could see Crazy Yiuf.

Vanquished Creatures
  2 adders (D:2)
  4 worms (D:2)
  2 dart slugs
  6 ball pythons
  7 endoplasms
  7 giant cockroaches
  13 goblins
  7 hobgoblins
  A jackal (D:1)
  3 kobolds
  5 quokkas
  5 bats
  2 frilled lizards
  3 rats (D:2)
67 creatures vanquished.

Notes
Turn   | Place    | Note
-------+----------+-------------------------------------------
     0 | D:1      | karrick the Gargoyle Fighter began the quest for the Orb.
     0 | D:1      | Reached XP level 1. HP: 14/14 MP: 1/1
   161 | D:1      | Found a faded altar of an unknown god.
   240 | D:1      | Reached XP level 2. HP: 17/19 MP: 2/2
   561 | D:1      | Reached XP level 3. HP: 21/23 MP: 3/3
  1008 | D:2      | Reached skill level 4 in Armour
  1185 | D:2      | Reached XP level 4. HP: 28/29 MP: 4/4
  1888 | D:2      | Found a runed translucent door.
  1889 | D:2      | Noticed Crazy Yiuf
  2604 | D:2      | Slain by Crazy Yiuf

Illustrated notes

Levels and vault maps discovered:
D:1:      dpeg_arrival_refuge, layout_rooms, hellmonk_ecumenical_altar_lost_god,
          hangedman_decor_peaks_small, minmay_three_crescents
D:2:      minmay_recursive_quarters, layout_basic,
          chequers_serial_rivers_small_b, hangedman_feature_mirror,
          st_stairs_11, minmay_misc_feat_tiny, uniq_crazy_yiuf_cottage

Skill      XL: |  1  2  3  4 |
---------------+-------------+-----
Armour         | 4 |  4.0
Maces & Flails | 3 |  3.4
Fighting       | |  3.9
Shields        | |  3.9

Action                   |  1- 3 |  4- 6 || total
-------------------------+-------+-------++-------
Melee: Flail             |   150 |   105 ||   255
Armor: Scale mail        |   132 |    59 ||   191
Dodge: Dodged            |   123 |    52 ||   175
Block: Buckler           |    55 |    22 ||    77
